 Dungeon Crawl Stone Soup version 0.32-a0-42-ga30500b4d3 (webtiles) character file.

Game seed: 8067198411495793060

4652 kae the Mimic (level 10, -6/86 HPs)
             Began as a Demonspawn Shapeshifter on Feb 3, 2024.
             Was a Follower of Qazlal.
             Mangled by a tengu warrior
             ... wielding a +2 great mace of protection
              (16 damage)
             ... on level 8 of the Dungeon.
             The game lasted 00:08:51 (7202 turns).

kae the Mimic (Demonspawn Shapeshifter)             Turns: 7202, Time: 00:08:51

Health: -6/86      AC: 12    Str: 19    XL:     10   Next: 20%
Magic:  14/14      EV: 10    Int: 12    God:    Qazlal [*.....]
Gold:   429        SH:  7    Dex: 22    Spells: 9/9 levels left

rFire   . .          .
                       - Unarmed
rCold   . . .        (shield currently unavailable)
rNeg    . . .        a - melded +1 animal skin
rPois   +            (helmet currently unavailable)
rElec   .            i - melded +0 cloak
rCorr   .            H - melded +0 pair of gloves
SInv    .            (boots currently unavailable)
Will    .....        D - amulet of reflection
Stlth   ++++         O - +4 ring of protection
HPRegen 0.34/turn    Y - +4 ring of slaying
MPRegen 0.14/turn

%: reflection
@: snake-form
A: constrict, boosted hp, large, thin skeletal structure 3, powered by death 1,
(demonic touch 2)
a: Begin Untransformation, Renounce Religion


You were on level 8 of the Dungeon.
You worshipped Qazlal.
Qazlal was aware of your devotion.
You were an enormous serpent.
You visited 2 branches of the dungeon, and saw 9 of its levels.
You also visited: Sewer.

You collected 581 gold pieces.
You spent 152 gold pieces at shops.


Innate Abilities, Weirdness & Mutations

You are an enormous serpent.
You have a powerful constriction melee attack.
Your maximum health is increased.
Your armour is entirely melded.
You are incapable of wielding weapons or throwing items.
You have an unnaturally thin skeletal structure. (Dex +6, Stealth+++)
You regenerate a little health from kills.
((Your touch may inflict irresistible damage on your foes.))


   Skills:
 + Level 4.4 Fighting
 - Level 1.7 Dodging
 + Level 7.7 Unarmed Combat
 + Level 5.6 Invocations
 * Level 9.8 Shapeshifting


You had 9 spell levels left.
You didn't know any spells.
Your spell library contained the following spells:

 Spells                   Type           Power      Damage    Failure   Level
 Gell's Gravitas          Tloc           0%         N/A       69%         3
 Hailstorm                Conj/Ice       0%         3d5       69%         3
 Summon Ice Beast         Ice/Summ       0%         N/A       69%         3
 Teleport Other           Tloc           0%         N/A       69%         3
 Animate Dead             Necr           0%         N/A       97%         4
 Olgreb's Toxic Radiance  Alch           0%         N/A       97%         4
 Dispersal                Tloc           0%         N/A       100%        6
 Sculpt Simulacrum        Ice/Alch       0%         N/A       100%        6
 Haunt                    Necr/Summ      0%         N/A       100%        7
 Ozocubu's Refrigeration  Ice            0%         4d7       100%        7
 Discord                  Hex            0%         N/A       100%        8
 Infestation              Necr           0%         N/A       100%        8

Inventory:

Missiles
 j - 2 throwing nets {=f!f}
 k - 65 stones (quivered)
 s - 9 poisoned darts
 J - 5 curare-tipped darts {=f}
 M - a boomerang
Armour
 a - a +1 animal skin (melded)
 i - a +0 cloak (melded)
   (You found it on level 3 of the Dungeon)
 H - a +0 pair of gloves (melded)
   (You found it on level 6 of the Dungeon)
Magical Staves
 u - a staff of alchemy {!a}
   (You found it on level 4 of the Dungeon)
 R - a staff of alchemy {!a}
   (You found it on level 8 of the Dungeon)
Jewellery
 o - a +4 ring of protection
   (You found it on level 4 of the Dungeon)
 A - an amulet of the acrobat
   (You found it on level 1 of the Dungeon)
 D - an amulet of reflection (around neck)
   (You found it on level 5 of the Dungeon)
 G - an amulet of guardian spirit
   (You found it on level 6 of the Dungeon)
 N - a ring of positive energy
   (You found it on level 3 of the Dungeon)
 O - a +4 ring of protection (left hand)
   (You found it on level 2 of the Dungeon)
 P - a ring of poison resistance
   (You found it on level 1 of the Dungeon)
 Y - a +4 ring of slaying (right hand)
   (You took it off an orc on level 5 of the Dungeon)
Talismans
 c - a beast talisman
 d - a flux talisman
 y - a blade talisman
   (You found it on level 7 of the Dungeon)
 Q - a serpent talisman (active)
   (You found it on level 7 of the Dungeon)
Wands
 w - a wand of quicksilver (17)
   (You found it on level 4 of the Dungeon)
 E - a wand of paralysis (16)
   (You took it off Ijyb on level 5 of the Dungeon)
 K - a wand of flame (26)
   (You found it on level 7 of the Dungeon)
Scrolls
 b - 2 scrolls of revelation
 h - a scroll of noise {!r}
 n - a scroll of enchant weapon
 p - 2 scrolls of teleportation {@r4}
 B - 2 scrolls of enchant armour
 F - 2 scrolls of amnesia
 I - a scroll of torment {!r}
 L - a scroll of identify {@r1}
Potions
 e - 5 potions of mutation {!q}
 f - 2 potions of enlightenment
 g - a potion of brilliance
 l - 2 potions of cancellation
 m - a potion of curing {@q1}
 q - a potion of resistance
 r - 2 potions of ambrosia
 t - 2 potions of degeneration {!q}
 v - a potion of haste {@q3}
 x - 2 potions of invisibility
 z - 2 potions of might

Dungeon Overview and Level Annotations

Branches:
Dungeon (8/15) Zot: 26494  Temple (1/1) D:6 Zot: 5933   Sewer (visited)
   Lair: D:8-11

Altars:
Ashenzari
Cheibriados
Dithmenos
Gozag
Hepliaklqana
Kikubaaqudgha
Makhleb
Nemelex Xobeh
Okawaru
Qazlal
Ru
Sif Muna
Trog
Uskayaw
Vehumet
Wu Jian
Xom
Yredelemnul

Shops:
D:1 ?   D:4 ? D:6

= ########## #.........
#......... ..... ...##
## ... ...## ..
####.#.####..###### #
.......S..........#
♣♣.♣♣♣Q♣...>[.....#####
...♣...........(...
♣.♣.♣♣♣.#####.#...###
♣.♣.♣...# #..##..#
....._.## ##...#...
.♣.♣....### ###.###.
♣$♣.♣♣♣....# #..####
...♣.##.# ##....#


You could see a tengu warrior.


Message History

No target in view! 😕 HP[+2]
You now have 84 max hp (+1).
You regained 2 hp, and now have 79/84 hp.
Found a glowing golden altar of the Shining One. 😎 HP[+5]
Your hp is fully restored (84).
No target in view!
No target in view!
Found a stone staircase leading down.
No target in view!
No target in view!
A tengu warrior comes into view.
It is wielding a +2 great mace of protection.
A tengu warrior is nearby!
The tengu warrior shouts!
The tengu warrior unwields a +2 great mace of protection.
The tengu warrior wields a +0 arbalest.
The tengu warrior shoots a bolt.
The bolt closely misses you.
You see here the +2 robe of Baeneeh {-Cast rF+ Str+2 Dex+6}.
A tengu conjurer comes into view.
The tengu warrior shoots a bolt.
The bolt hits you!!
There is a stone staircase leading down, spattered with blood here.
There are monsters nearby!
The tengu warrior shoots a bolt.
The bolt hits you!
You hear a shout!
You are too injured to fight recklessly!
A tengu warrior is nearby!
Unknown command. 😮 HP[-35]
You take 35 damage, and now have 49/84 hp.
MASSIVE DAMAGE!! (PAUSE)
The tengu conjurer casts a spell.
The tengu conjurer conjures a globe of magical energy!
The tengu warrior shoots a bolt.
The bolt hits you!!
* * * LOW HITPOINT WARNING * * *
A battlesphere comes into view. 😨 HP[-24]
You take 24 damage, and now have 25/84 hp.
MASSIVE DAMAGE!! (PAUSE)
Okay, then.
You feel much better. 😨 HP[+17]
You regained 17 hp, and now have 42/84 hp. 😮 HP[+1]
You closely miss the tengu conjurer. You grab the tengu conjurer.
You constrict the tengu conjurer.
The tengu conjurer hits you but does no damage.
The tengu conjurer pecks you but does no damage.
The tengu conjurer barely misses you.
Unknown command.
You lash the tengu conjurer! You constrict the tengu conjurer.
The tengu conjurer misses you.
The tengu conjurer pecks you but does no damage.
The tengu conjurer misses you.
You lash the tengu conjurer! You constrict the tengu conjurer.
You kill the tengu conjurer!
Qazlal accepts your kill.
The battlesphere dissipates. 😮 HP[+1]
You now have 86 max hp (+2).
Unknown command.
The tengu warrior unwields a +0 arbalest.
The tengu warrior wields a +2 great mace of protection.
The tengu warrior hits you with a +2 great mace of protection!
* * * LOW HITPOINT WARNING * * *
The tengu warrior pecks you but does no damage.
You block the tengu warrior's attack.
You see here a tengu corpse. 😨 HP[-8]
You take 8 damage, and now have 36/86 hp.
You lash the tengu warrior! Your grab misses the tengu warrior.
Unknown command.
You hit the tengu warrior but do no damage.
Your grab misses the tengu warrior. You block the tengu warrior's attack.
The tengu warrior pecks you.
* * * LOW HITPOINT WARNING * * *
The tengu warrior claws you but does no damage. 😨 HP[-4]
You take 4 damage, and now have 32/86 hp.
You closely miss the tengu warrior. You grab the tengu warrior.
You constrict the tengu warrior. The tengu warrior misses you.
The tengu warrior pecks you.
* * * LOW HITPOINT WARNING * * *
You block the tengu warrior's attack. 😨 HP[-2]
You take 2 damage, and now have 30/86 hp.
You lash the tengu warrior! You constrict the tengu warrior.
The tengu warrior hits you with a +2 great mace of protection!
* * * LOW HITPOINT WARNING * * *
The tengu warrior pecks you.
* * * LOW HITPOINT WARNING * * *
The tengu warrior claws you but does no damage.
Unknown command. 😱 HP[-20]
You take 20 damage, and now have 10/86 hp.
MASSIVE DAMAGE!! (PAUSE)
You lash the tengu warrior!
You constrict the tengu warrior, but do no damage.
The tengu warrior hits you with a +2 great mace of protection!
You die...

Skill      XL: |  1  2  3  4  5  6  7  8  9 |
---------------+----------------------------+-----
Shapeshifting  | 3 4 5 7 8 9 |  9.8
Unarmed Combat | 3 4 5 6 7 |  7.7
Invocations    | 1 5 |  5.6
Fighting       | 4 |  4.4
Dodging        | |  1.7

Action                     |  1- 3 |  4- 6 |  7- 9 | 10-12 || total
---------------------------+-------+-------+-------+-------++-------
  Melee: Unarmed           |   110 |   265 |   241 |    29 ||   645
         Punch             |     2 |     7 |       |       ||     9
         Touch             |       |       |    63 |       ||    63
         Constrict         |       |       |       |     3 ||     3
  Evoke: Wand              |       |       |     2 |       ||     2
    Use: Scroll            |     5 |    13 |     4 |       ||    22
         Potion            |       |     4 |       |     1 ||     5
   Stab: Sleeping          |     6 |     5 |     3 |       ||    14
         Distracted        |       |     1 |       |       ||     1
 Armour: Animal skin       |    52 |   158 |       |       ||   210
         Skin              |       |    94 |    85 |    25 ||   204
  Dodge: Dodged            |    66 |   182 |   157 |    13 ||   418
  Block: Other             |       |       |    21 |     6 ||    27
         Reflection        |       |       |     1 |       ||     1
   Form: Flux              |       |       |     1 |       ||     1
         Serpent           |       |       |       |     1 ||     1

Levels and vault maps discovered:
D:1:      wander_arrival_peaceful_grave, layout_basic, serial_shops,
          shop_fountains
D:2:      layout_basic, ebering_ecumenical_altar_ruins
D:3:      layout_loops_corners, portal_sewer_entry_f,
          nicolae_concentric_dashed_squares_mild, uniq_jessica
D:4:      layout_cave_pools, serial_shops, shop, uniq_duvessa, uniq_robin
D:5:      cheibrodos_quashed, layout_rooms, lemuel_tele_altar, uniq_sigmund,
          uniq_ijyb
D:6:      minmay_angry_zag, layout_cave_pods, trog_wizard,
          amcnicky_altar_gilded, minitemple, minmay_temple_entry_mist,
          serial_shops, nicolae_shop_gaudy_bauble, uniq_prince_ribbit1
D:7:      layout_basic, serial_demonic, serial_demonic_c, serial_demonic_e,
          serial_demonic_b, serial_demonic_f, serial_demonic_a,
          serial_demonic_c, lightli_orcish_oven
D:8:      layout_rooms, mainiacjoe_overflow_large_starburst,
          minmay_diamond_spiral
Temple:   regret_index_temple_generic_petals

Notes
Turn   | Place    | Note
-------+----------+-------------------------------------------
     0 | D:1      | kae the Demonspawn Shapeshifter began the quest for the
                  | Orb.
     0 | D:1      | Reached XP level 1. HP: 15/15 MP: 1/1
     3 | D:1      | magus.rc [v1.11.3]
   166 | D:1      | HP: 3/15 [rat (2)]
   169 | D:1      | Reached skill level 3 in Shapeshifting
   291 | D:1      | Gained mutation: You have a somewhat thin skeletal
                  | structure. (Dex +2, Stealth+) [demonic ancestry]
   291 | D:1      | Reached XP level 2. HP: 9/21 MP: 2/2
   407 | D:1      | Found Caqofya's Magic Scroll Shop.
   413 | D:1      | Bought a scroll of noise for 12 gold pieces
   481 | D:1      | Reached skill level 3 in Unarmed Combat
  1042 | D:2      | Reached XP level 3. HP: 26/26 MP: 3/3
  1248 | D:2      | Gained mutation: You have a moderately thin skeletal
                  | structure. (Dex +4, Stealth++) [demonic ancestry]
  1248 | D:2      | Reached XP level 4. HP: 30/32 MP: 4/4
  1344 | D:2      | Reached skill level 4 in Shapeshifting
  1495 | D:2      | Found a faded altar of an unknown god.
  2053 | D:3      | Found a glowing drain.
  2090 | Sewer    | Entered a sewer
  2138 | Sewer    | Gained mutation: You regenerate a little health from kills.
                  | [demonic ancestry]
  2138 | Sewer    | Reached XP level 5. HP: 17/37 MP: 5/5
  2450 | Sewer    | Reached skill level 4 in Unarmed Combat
  2450 | Sewer    | Reached skill level 5 in Shapeshifting
  2450 | Sewer    | Reached XP level 6. HP: 36/43 MP: 6/6
  2473 | Sewer    | HP: 9/43 [adder (3)]
  2671 | D:3      | You pick up a book of the Tundra and begin reading...
  2671 | D:3      | You add the spells Hailstorm, Summon Ice Beast and Sculpt
                  | Simulacrum to your library.
  2749 | D:3      | Noticed Jessica
  2759 | D:3      | Killed Jessica
  2836 | D:3      | Identified the +9 quarterstaff "Jyluygas" {antimagic, rElec
                  | rC+ Int+2}
  3464 | D:4      | Noticed Robin
  3477 | D:4      | Killed Robin
  3507 | D:4      | Found Essu's Magic Scroll Shop.
  3515 | D:4      | Bought a scroll of identify for 28 gold pieces
  3516 | D:4      | Bought a scroll of identify for 28 gold pieces
  3516 | D:4      | Bought a scroll of identify for 28 gold pieces
  3516 | D:4      | Bought a scroll of identify for 28 gold pieces
  3516 | D:4      | Bought a scroll of identify for 28 gold pieces
  3528 | D:4      | Gained mutation: Your touch may inflict minor irresistible
                  | damage on your foes. [demonic ancestry]
  3528 | D:4      | Reached XP level 7. HP: 48/48 MP: 7/7
  3537 | D:4      | Reached skill level 6 in Shapeshifting
  3792 | D:4      | Noticed Dowan
  3846 | D:4      | Reached skill level 5 in Unarmed Combat
  3985 | D:4      | Noticed Duvessa
  4008 | D:4      | Killed Duvessa
  4017 | D:4      | HP: 6/45 [Dowan/shard of ice (25)]
  4018 | D:4      | Killed Dowan
  4254 | D:5      | Entered Level 5 of the Dungeon
  4263 | D:5      | Reached skill level 7 in Shapeshifting
  4263 | D:5      | Gained mutation: Your touch may inflict irresistible damage
                  | on your foes. [demonic ancestry]
  4263 | D:5      | Reached XP level 8. HP: 53/54 MP: 8/8
  4273 | D:5      | You add the spells Gell's Gravitas, Teleport Other and
                  | Dispersal to your library.
  4352 | D:5      | Noticed Sigmund
  4359 | D:5      | Killed Sigmund
  4381 | D:5      | Reached skill level 6 in Unarmed Combat
  4466 | D:5      | Reached skill level 8 in Shapeshifting
  4670 | D:5      | Noticed Ijyb
  4677 | D:5      | Killed Ijyb
  4683 | D:5      | Found a hide-covered altar of Uskayaw.
  4821 | D:6      | Found a staircase to the Ecumenical Temple.
  4834 | Temple   | Entered the Ecumenical Temple
  4868 | Temple   | Became a worshipper of Qazlal Stormbringer
  4936 | D:6      | Found Padiot's Jewellery Shoppe.
  4945 | D:6      | Reached skill level 1 in Invocations
  5168 | D:6      | Found a bloodstained altar of Trog.
  5169 | D:6      | Noticed a wizard
  5175 | D:6      | Killed a wizard
  5199 | D:6      | Found a burning altar of Makhleb.
  5235 | D:6      | Noticed Prince Ribbit
  5249 | D:6      | Gained mutation: You have an unnaturally thin skeletal
                  | structure. (Dex +6, Stealth+++) [demonic ancestry]
  5249 | D:6      | Reached XP level 9. HP: 58/61 MP: 10/10
  5270 | D:6      | Killed Prince Ribbit
  5271 | D:6      | Reached skill level 2 in Fighting
  5271 | D:6      | Reached skill level 2 in Invocations
  5460 | D:6      | Reached skill level 3 in Invocations
  5579 | D:6      | You pick up a book of Death and begin reading...
  5579 | D:6      | You add the spells Animate Dead, Haunt and Infestation to
                  | your library.
  5775 | D:6      | Found a sacrificial altar of Ru.
  5780 | D:6      | Found an ornate altar of the Wu Jian Council.
  5942 | D:7      | Reached skill level 7 in Unarmed Combat
  6061 | D:7      | Reached * piety under Qazlal
  6065 | D:7      | Reached skill level 3 in Fighting
  6170 | D:7      | Reached skill level 9 in Shapeshifting
  6255 | D:7      | Reached skill level 4 in Invocations
  6361 | D:7      | You add the spells Olgreb's Toxic Radiance, Ozocubu's
                  | Refrigeration and Discord to your library.
  6742 | D:8      | Noticed a two-headed ogre
  6750 | D:8      | Killed a two-headed ogre
  6751 | D:8      | Reached skill level 4 in Fighting
  6751 | D:8      | Reached skill level 5 in Invocations
  6751 | D:8      | Reached XP level 10. HP: 67/71 MP: 13/13
  7187 | D:8      | Noticed a tengu warrior
  7188 | D:8      | Identified the +2 robe of Baeneeh {-Cast rF+ Str+2 Dex+6}
  7201 | D:8      | HP: 16/86 [tengu warrior/+2 great mace of protection (14)]
  7202 | D:8      | Mangled by a tengu warrior

Vanquished Creatures
  A two-headed ogre (D:8)
  A tengu conjurer (D:8)
  Prince Ribbit (D:6)
  A slime creature (D:8)
  Sigmund (D:5)
  A wraith (D:8)
  A vampire mosquito (D:8)
  3 water moccasins (D:7)
  Duvessa (D:4)
  4 black bears
  A sky beast (D:7)
  3 ogres
  3 ice beasts
  2 bullfrogs (Sewer)
  8 scorpions
  Dowan (D:4)
  A howler monkey (D:5)
  3 hounds
  2 bombardier beetles
  3 iguanas
  2 jellies
  An orc priest (D:4)
  Jessica (D:3)
  Ijyb (D:5)
  3 orc wizards
  Robin (D:4)
  3 gnolls (D:2)
  14 adders
  6 river rats (Sewer)
  5 shadow imps
  9 white imps
  5 ufetubi
  2 dart slugs
  A ribbon worm (D:3)
  16 orcs
  12 ball pythons
  11 endoplasms
  4 giant cockroaches
  13 goblins
  6 hobgoblins
  5 jackals (D:1)
  10 quokkas
  3 bats
  4 frilled lizards
  6 kobolds
  27 rats
213 creatures vanquished.

Vanquished Creatures (others)
  An arcanist (D:6)
1 creature vanquished.

Grand Total: 214 creatures vanquished

Table legend:
 A = Non-vault XP
 B = Vault XP
 C = Vault XP percentage of total XP
 D = Non-vault monster count
 E = Vault monster count
 F = Vault count percentage of total count
                 A         B        C        D         E       F
            +---------+---------+-------+---------+---------+-------
      Total |    3757 |    2890 |  43.5 |     120 |      93 |  43.7
            +---------+---------+-------+---------+---------+-------
        D:1 |      39 |       0 |   0.0 |      24 |       0 |   0.0
        D:2 |      99 |       0 |   0.0 |      23 |       0 |   0.0
        D:3 |      26 |      49 |  65.3 |       7 |       7 |  50.0
        D:4 |     333 |     244 |  42.3 |      15 |      14 |  48.3
        D:5 |     971 |     267 |  21.6 |      20 |       2 |   9.1
        D:6 |     771 |     390 |  33.6 |      15 |       5 |  25.0
        D:7 |    1021 |     109 |   9.6 |      13 |      14 |  51.9
        D:8 |     497 |    1452 |  74.5 |       3 |       4 |  57.1
      Sewer |       0 |     379 | 100.0 |       0 |      47 | 100.0
            +---------+---------+-------+---------+---------+-------

Skill      XL: |  1  2  3  4  5  6  7  8  9 |
---------------+----------------------------+-----
Shapeshifting  | 3 4 5 7 8 9 |  9.8
Unarmed Combat | 3 4 5 6 7 |  7.7
Invocations    | 1 5 |  5.6
Fighting       | 4 |  4.4
Dodging        | |  1.7

Action                     |  1- 3 |  4- 6 |  7- 9 | 10-12 || total
---------------------------+-------+-------+-------+-------++-------
  Melee: Unarmed           |   110 |   265 |   241 |    29 ||   645
         Punch             |     2 |     7 |       |       ||     9
         Touch             |       |       |    63 |       ||    63
         Constrict         |       |       |       |     3 ||     3
  Evoke: Wand              |       |       |     2 |       ||     2
    Use: Scroll            |     5 |    13 |     4 |       ||    22
         Potion            |       |     4 |       |     1 ||     5
   Stab: Sleeping          |     6 |     5 |     3 |       ||    14
         Distracted        |       |     1 |       |       ||     1
 Armour: Animal skin       |    52 |   158 |       |       ||   210
         Skin              |       |    94 |    85 |    25 ||   204
  Dodge: Dodged            |    66 |   182 |   157 |    13 ||   418
  Block: Other             |       |       |    21 |     6 ||    27
         Reflection        |       |       |     1 |       ||     1
   Form: Flux              |       |       |     1 |       ||     1
         Serpent           |       |       |       |     1 ||     1

Illustrated notes

Table legend:
 A = Kills in this place as a percentage of kills in the entire game.
 B = Kills by you in this place as a percentage of kills by you in the entire game.
 C = Kills by friends in this place as a percentage of kills by friends in the entire game.
 D = Other kills in this place as a percentage of other kills in the entire game.
 E = Experience gained in this place as a percentage of experience gained in the entire game.
 F = Experience gained in this place divided by the number of levels of this place that you have seen.
                   A       B       C       D       E      F
               +-------+-------+-------+-------+-------+----------------------
         Total | 100.0 | 100.0 |   N/A |   N/A | 100.0 | 664.7
       Dungeon |  77.9 |  77.9 |   N/A |   N/A |  94.3 | 783.5
         Sewer |  22.1 |  22.1 |   N/A |   N/A |   5.7 | 379.0
               +-------+-------+-------+-------+-------+----------------------

Table legend: (Time is in decaauts)
 A = Elapsed time spent in this place.
 B = Non-inter-level travel time spent in this place.
 C = Inter-level travel time spent in this place.
 D = Time resting spent in this place.
 E = Time spent auto-exploring this place.
 F = Levels seen in this place.
 G = Mean time per level.
                   A        B        C        D        E       F      G
               +--------+--------+--------+--------+--------+-----+--------+
         Total |   7207 |   6865 |    342 |    350 |   4868 |  10 |  720.7 |
       Dungeon |   6572 |   6296 |    276 |    214 |   4703 |   8 |  821.5 |
        Temple |     66 |      1 |     65 |      0 |      0 |   1 |   66.0 |
         Sewer |    568 |    568 |      0 |    136 |    164 |   1 |  568.0 |
               +--------+--------+--------+--------+--------+-----+--------+

Top non-repeatable levels by time:
     D:3: 1055 daAuts
     D:6: 1028 daAuts
     D:1: 945 daAuts
     D:4: 910 daAuts
     D:2: 793 daAuts
     D:7: 776 daAuts
   Sewer: 568 daAuts
     D:5: 559 daAuts
     D:8: 504 daAuts
  Temple: 66 daAuts
